 Dungeon Crawl Stone Soup version 0.27-a0-1202-ge72e49191c (webtiles) character file.

Game seed: 16917821715123606829

7119 kae the Carver (level 10, -7/83 HPs)
             Began as a Demonspawn Abyssal Knight on June 3, 2021.
             Was an Elder of Lugonu.
             Mangled by a boulder beetle (28 damage)
             ... on level 9 of the Dungeon.
             The game lasted 00:08:01 (12389 turns).

kae the Carver (Demonspawn Abyssal Knight)         Turns: 12389, Time: 00:08:02

Health: -7/83      AC:  7    Str: 15    XL:     10   Next: 85%
Magic:  16/16      EV: 15    Int: 15    God:    Lugonu [****..]
Gold:   317        SH:  0    Dex: 18    Spells: 9/9 levels left

rFire    + . .     SeeInvis .   o - +3 double sword "Beastslayer" {pain, Fly rF+}
rCold    . . .     Faith    .   (no shield)
rNeg     . . .     Spirit   .   b - +1 leather armour
rPois    .         Reflect  .   e - +2 helmet
rElec    .         Harm     .   (no cloak)
rCorr    .         Rampage  .   (no gloves)
Will     .....                  (no boots)
Stlth    ++........             (no amulet)
HPRegen  0.23/turn              c - +6 ring of dexterity
MPRegen  0.15/turn              h - +4 ring of evasion

@: flying
A: talons 1, powered by death 2, sturdy frame 1
a: Renounce Religion, Depart the Abyss, Bend Space, Banish, Corrupt


You were on level 9 of the Dungeon.
You worshipped Lugonu.
Lugonu was greatly pleased with you.
You visited 1 branch of the dungeon, and saw 9 of its levels.
You visited the Abyss 1 time.

You collected 476 gold pieces.
You spent 159 gold pieces at shops.

Inventory:

Hand Weapons
 a - a +3 falchion
 o - the +3 double sword "Beastslayer" (weapon) {pain, Fly rF+}
   (You acquired it on level 4 of the Dungeon)

   In the hands of one skilled in necromantic magic, it inflicts extra damage on
   living creatures.
   It protects you from fire.
   It grants you flight.
 D - a +1 scimitar of flaming
Missiles
 j - a throwing net
Armour
 b - a +1 leather armour (worn)
 e - a +2 helmet (worn)
Jewellery
 c - a +6 ring of dexterity (left hand)
 h - a +4 ring of evasion (right hand)
 p - a +6 ring of intelligence
 B - an amulet of magic regeneration
Wands
 l - a wand of iceblast (19)
 m - a wand of flame (10)
 A - a wand of digging (7)
Scrolls
 d - a scroll of teleportation
 q - a scroll of amnesia
 w - 3 scrolls of blinking
 y - a scroll of enchant armour
 E - a scroll of fog {unknown}
Potions
 f - 6 potions of curing
 g - 3 potions of resistance
 i - a potion of might
 k - 2 potions of ambrosia
 n - a potion of cancellation
 r - a potion of invisibility
 s - a potion of berserk rage
 t - a potion of brilliance
 u - 2 potions of haste {unknown}
 v - a potion of mutation {unknown}
 x - a potion of heal wounds {unknown}
 z - 2 potions of lignification {unknown}
 C - a potion of magic {unknown}


   Skills:
 + Level 9.4 Fighting
 * Level 11.4 Long Blades
 - Level 1.7 Armour
 - Level 0.8 Dodging
 + Level 9.2 Invocations


You had 9 spell levels left.
You didn't know any spells.
Your spell library was empty.

Dungeon Overview and Level Annotations

Branches:
Dungeon (9/15)             Temple (0/1) D:7             Orc (0/2) D:9
   Lair: D:8-11

Altars:

Shops:
D:1 **   D:3 (   D:5 (   D:7 !   D:8 :

Annotations:
D:4 1 runed translucent door, Crazy Yiuf


Innate Abilities, Weirdness & Mutations

You have sharp toenails.
You regenerate health from kills.
Your movements are slightly less encumbered by armour. (ER -2)


Message History

The boulder beetle curls into a ball and begins rolling!
The boulder beetle barely misses you.
The boulder beetle stops rolling and uncurls.
You hit the boulder beetle but do no damage.
The boulder beetle bites you but does no damage.
You hit the boulder beetle but do no damage.
Your kick misses the boulder beetle. The boulder beetle bites you!!
You slice the boulder beetle!! You claw the boulder beetle.
The boulder beetle is moderately wounded.
The boulder beetle leaps!
The boulder beetle curls into a ball and begins rolling!
The boulder beetle hits you.
The boulder beetle stops rolling and uncurls.
You hit the boulder beetle but do no damage.
You claw the boulder beetle.
The boulder beetle is moderately wounded.
The boulder beetle waves its antennae.
The boulder beetle closely misses you.
You slash the boulder beetle! Your kick misses the boulder beetle.
The boulder beetle is moderately wounded.
The boulder beetle bites you!
You hit the boulder beetle.
You claw the boulder beetle, but do no damage.
The boulder beetle is heavily wounded.
The boulder beetle barely misses you.
You riposte.
You slash the boulder beetle!
You claw the boulder beetle, but do no damage.
The boulder beetle is heavily wounded.
You hit the boulder beetle. You claw the boulder beetle.
The boulder beetle is severely wounded.
The boulder beetle bites you!!
* * * LOW HITPOINT WARNING * * *
You slash the boulder beetle!
You claw the boulder beetle, but do no damage.
The boulder beetle is severely wounded.
The boulder beetle barely misses you.
You slash the boulder beetle! You claw the boulder beetle.
The boulder beetle is almost dead.
The boulder beetle bites you!!
You die...

##############
#.....)......######
#.#######.........# #.#
#@##.####.######## #.#
#B##.####.........
######.#######.##..............
#..............##○.####.#.####.
#...............○.># #.#.# #.
###.####.##########.#####.#.#
#. .............# ..........#
#. .....##...##.# ..#####.###
#. #......)..##.#
#..#####.######.


You could see a boulder beetle.

Vanquished Creatures
  Erica (D:8)
  3 two-headed ogres
  Pikel (D:6)
  A deep elf pyromancer (D:7)
  A cyclops (D:9)
  A wraith (D:8)
  Eustachio (D:5)
  2 steam dragons (D:7)
  Menkaure (D:7)
  2 water moccasins (D:7)
  2 ice beasts
  2 black bears
  2 sky beasts
  2 centaurs
  A phantom (D:4)
  A lemure (D:6)
  A kobold brigand (D:8)
  A bullfrog (D:8)
  2 water moccasin zombies
  3 scorpions
  10 wights
  3 howler monkeys (D:8)
  3 centaur zombies
  A bullfrog skeleton (D:4)
  A gnoll shaman (D:4)
  2 jellies
  2 orc priests
  3 hounds
  An iguana (D:6)
  4 orc wizards
  5 gnolls
  5 adders
  2 white imps
  An ufetubus (D:7)
  A worm (D:4)
  2 dart slugs
  10 orcs
  8 ball pythons
  3 bats
  5 endoplasms
  A giant cockroach (D:4)
  6 goblins
  9 hobgoblins
  6 jackals
  20 kobolds
  A quokka (D:2)
  4 frilled lizards
  2 rats (D:3)
152 creatures vanquished.

Notes
Turn   | Place    | Note
-------+----------+-------------------------------------------
     0 | Abyss:1  | kae the Demonspawn Abyssal Knight began the quest for the
                  | Orb.
     0 | Abyss:1  | Reached XP level 1. HP: 18/18 MP: 2/2
   132 | Abyss:1  | Noticed a starcursed mass
   147 | Abyss:1  | Noticed a tormentor
   154 | D:1      | Escaped the Abyss
   269 | D:1      | Found Seer Atung's Assorted Antiques.
   438 | D:1      | Reached skill level 2 in Long Blades
   544 | D:1      | Found Hemo's General Store.
   570 | D:1      | Gained mutation: Your movements are slightly less
                  | encumbered by armour. (ER -2) [demonic ancestry]
   570 | D:1      | Reached XP level 2. HP: 20/24 MP: 3/3
   704 | D:1      | Reached * piety under Lugonu
  1125 | D:2      | Gained mutation: You regenerate a little health from kills.
                  | [demonic ancestry]
  1125 | D:2      | Reached XP level 3. HP: 10/29 MP: 4/4
  1313 | D:2      | Reached skill level 3 in Long Blades
  1858 | D:3      | Reached ** piety under Lugonu
  1948 | D:3      | Reached XP level 4. HP: 37/37 MP: 5/5
  2008 | D:3      | Found Deeghaj's Weapon Emporium.
  2267 | D:3      | Found a faded altar of an unknown god.
  3037 | D:4      | Reached skill level 4 in Long Blades
  3199 | D:4      | Noticed a scorpion
  3207 | D:4      | Killed a scorpion
  3208 | D:4      | Reached XP level 5. HP: 18/42 MP: 6/6
  3662 | D:4      | Noticed a centaur
  3671 | D:4      | Killed a centaur
  3672 | D:4      | Gained mutation: You have sharp toenails. [demonic
                  | ancestry]
  3672 | D:4      | Reached XP level 6. HP: 22/49 MP: 7/7
  3868 | D:4      | Reached skill level 5 in Long Blades
  4047 | D:4      | Identified the +1 leather armour "Omelo" {Dex+3}
  4148 | D:4      | Found a runed translucent door.
  4149 | D:4      | Noticed Crazy Yiuf
  4704 | D:4      | Reached skill level 5 in Fighting
  5069 | D:5      | Entered Level 5 of the Dungeon
  5182 | D:5      | Reached XP level 7. HP: 30/56 MP: 8/8
  5435 | D:5      | Reached skill level 6 in Long Blades
  5905 | D:5      | Found Kisedd's Weapon Boutique.
  6012 | D:5      | Noticed Eustachio
  6041 | D:5      | Killed Eustachio
  6325 | D:1      | Bought 2 scrolls labelled BIBI NEUDAIBOF for 56 gold pieces
  6325 | D:1      | Bought a silvery potion for 25 gold pieces
  6325 | D:1      | Bought a grey potion for 25 gold pieces
  6325 | D:1      | Bought a murky brown potion for 25 gold pieces
  6325 | D:1      | Bought a scroll labelled BESAIF LEAF for 28 gold pieces
  6487 | D:4      | Acquired the +3 double sword "Beastslayer" {pain, Fly rF+}
  6582 | D:6      | Reached skill level 7 in Long Blades
  6584 | D:6      | Reached XP level 8. HP: 58/64 MP: 9/9
  6675 | D:6      | Reached *** piety under Lugonu
  7268 | D:5      | Found Kisedd's Weapon Boutique.
  8201 | D:6      | Reached skill level 8 in Long Blades
  8207 | D:6      | You are sucked into a shaft and drop 1 floor!
  8212 | D:7      | Found Xechu's Distillery.
  8644 | D:7      | Found a staircase to the Ecumenical Temple.
  9009 | D:7      | Reached XP level 9. HP: 58/72 MP: 12/12
  9077 | D:7      | Noticed Menkaure
  9082 | D:7      | Killed Menkaure
  9083 | D:7      | Reached skill level 5 in Invocations
  9234 | D:7      | Reached skill level 9 in Long Blades
  9250 | D:7      | Noticed Pikel
  9491 | D:6      | Killed Pikel
 10093 | D:7      | Noticed a deep elf pyromancer
 10105 | D:7      | Killed a deep elf pyromancer
 10106 | D:7      | Reached skill level 10 in Long Blades
 10468 | D:8      | Found Yssohoh's Book Emporium.
 10505 | D:8      | Noticed a two-headed ogre
 10519 | D:8      | Killed a two-headed ogre
 10520 | D:8      | Gained mutation: You regenerate health from kills. [demonic
                  | ancestry]
 10520 | D:8      | Reached XP level 10. HP: 27/82 MP: 15/15
 11000 | D:8      | Noticed a two-headed ogre
 11011 | D:8      | Killed a two-headed ogre
 11299 | D:8      | Noticed Erica
 11319 | D:8      | Killed Erica
 11320 | D:8      | Reached skill level 11 in Long Blades
 11651 | D:8      | Reached **** piety under Lugonu
 11747 | D:8      | Identified the +3 leather armour of Trumpets {rN+}
 11829 | D:9      | Found a staircase to the Orcish Mines.
 11953 | D:9      | Noticed a two-headed ogre
 11960 | D:9      | Killed a two-headed ogre
 11963 | D:9      | Noticed a boulder beetle
 11975 | D:9      | Noticed a cyclops
 11983 | D:9      | Killed a cyclops
 12389 | D:9      | Mangled by a boulder beetle

Illustrated notes

Levels and vault maps discovered:
D:1:      dpeg_arrival_round_c, layout_loops_ring, serial_shops, shop, shop,
          serial_bayou_pond_c, skrybe_limestone_x
D:2:      layout_rooms, grunt_decor_fettered
D:3:      layout_basic, shapermc_ecumenical_altar_hornbeckon, serial_shops, shop
D:4:      layout_loops_ring, uniq_crazy_yiuf_cottage
D:5:      minmay_spotlight, layout_basic, serial_shops, nicolae_shop_trees,
          hangedman_decor_points, uniq_eustachio
D:6:      layout_basic
D:7:      layout_gridville, minmay_temple_entry_large_hall, serial_shops,
          nicolae_shop_waterfront, guppyfry_early_elven_hall, uniq_menkaure,
          uniq_pikel
D:8:      layout_basic, serial_shops, shop_fountains, uniq_erica
D:9:      layout_loops_ring, orc_0_dummy

Skill      XL: |  1  2  3  4  5  6  7  8  9 10 |
---------------+-------------------------------+-----
Long Blades    | 2 3 4 5 7 8 10 11 | 11.4
Fighting       | 4 5 6 7 8 9 |  9.4
Invocations    | 4 7 9 |  9.2
Armour         | |  1.7
Dodging        | |  0.8

Action                   |  1- 3 |  4- 6 |  7- 9 | 10-12 || total
-------------------------+-------+-------+-------+-------++-------
Melee: Falchion          |   105 |   146 |    53 |       ||   304
       Kick              |       |    29 |    83 |    37 ||   149
       Double sword      |       |       |   150 |    84 ||   234
Invok: Depart the Abyss  |     1 |       |       |       ||     1
       Bend Space        |       |       |       |     1 ||     1
Evoke: Wand              |       |       |     3 |     6 ||     9
  Use: Scroll            |     5 |     6 |    10 |     2 ||    23
       Potion            |     1 |     1 |       |       ||     2
 Stab: Sleeping          |     2 |       |     2 |     1 ||     5
Armor: Leather armour    |    55 |    44 |    42 |    11 ||   152
Dodge: Dodged            |    87 |    81 |   142 |    47 ||   357
       Rpst.: Falchion   |    29 |    27 |    17 |       ||    73
       Double sword      |       |       |    32 |    12 ||    44

Table legend: (Time is in decaauts)
 A = Elapsed time spent in this place.
 B = Non-inter-level travel time spent in this place.
 C = Inter-level travel time spent in this place.
 D = Time resting spent in this place.
 E = Time spent auto-exploring this place.
 F = Levels seen in this place.
 G = Mean time per level.
                   A        B        C        D        E       F      G
               +--------+--------+--------+--------+--------+-----+--------+
         Total |  12461 |  11978 |    483 |   2391 |   8152 |  10 | 1246.1 |
       Dungeon |  12307 |  11824 |    483 |   2391 |   8021 |   9 | 1367.4 |
         Abyss |    154 |    154 |      0 |      0 |    131 |   1 |  154.0 |
               +--------+--------+--------+--------+--------+-----+--------+

Top non-repeatable levels by time:
     D:5: 2186 daAuts
     D:4: 1994 daAuts
     D:3: 1586 daAuts
     D:8: 1524 daAuts
     D:7: 1343 daAuts
     D:6: 1340 daAuts
     D:1: 1022 daAuts
     D:2: 746 daAuts
     D:9: 560 daAuts
 Abyss:1: 154 daAuts
